 Dungeon Crawl Stone Soup version 0.21-a0-94-gdd6ab6a (webtiles) character file.

129 MatthieuS the Sneak (level 4, 0/23 HPs)
             Began as a Spriggan Assassin on July 3, 2017.
             Killed from afar by an orc wizard (3 damage)
             ... with a magic dart
             ... on level 3 of the Dungeon.
             The game lasted 00:05:49 (2544 turns).

MatthieuS the Sneak (Spriggan Assassin)             Turns: 2544, Time: 00:05:49

Health: 0/23       AC:  4    Str:  8    XL:     4   Next: 88%
Magic:  5/5        EV: 17    Int: 12    God:
Gold:   111        SH:  0    Dex: 17    Spells: 3/3 levels left

rFire    . . .     SeeInvis +   w - +0 hunting sling
rCold    . . .     Gourm    .   (shield restricted)
rNeg     . . .     Faith    .   c - +0 robe
rPois    .         Spirit   .   j - +1 hat
rElec    .         Reflect  .   d - +0 cloak
rCorr    .         Harm     .   (gloves unavailable)
MR       .....                  (boots unavailable)
Stlth    ++++......             (no amulet)
HPRegen  0.07/turn              (no ring)
MPRegen  0.09/turn              (no ring)

@: very quick
A: unfitting armour, see invisible, herbivore 3, speed 3, slow metabolism 2
a: no special abilities


You were on level 3 of the Dungeon.
You were not hungry.

You visited 1 branch of the dungeon, and saw 3 of its levels.

You collected 111 gold pieces.

Inventory:

Hand Weapons
 a - a +2 dagger
 e - a +0 blowgun
 t - a +0 whip of venom
 w - a +0 hunting sling (weapon)
Missiles
 f - a curare-tipped needle
 k - 8 poisoned needles
 p - 26 stones (quivered)
 u - 15 sling bullets
Armour
 c - a +0 robe (worn)
 d - a +0 cloak (worn)
 j - a +1 hat (worn)
Wands
 r - a wand of confusion (17/48)
 y - a wand of scattershot (4/9)
Scrolls
 i - 2 scrolls of remove curse {unknown}
 m - a scroll of magic mapping {unknown}
 n - a scroll of identify {unknown}
 o - a scroll of enchant weapon {unknown}
 q - a scroll of teleportation {unknown}
 z - 3 scrolls of random uselessness {unknown}
Potions
 b - a potion of heal wounds {unknown}
 l - a potion of curing {unknown}
 s - a potion of lignification {unknown}
 v - a potion of agility {unknown}
 x - 2 potions of might {unknown}
Comestibles
 g - 2 bread rations
 h - 2 royal jellies


   Skills:
 + Level 2.1 Fighting
 * Level 2.7 Short Blades
 + Level 2.6(3.1) Slings
 + Level 2.0(2.5) Throwing
 + Level 2.2 Dodging
 + Level 7.6 Stealth


You had 3 spell levels left.
You didn't know any spells.

Dungeon Overview and Level Annotations

Branches:
Dungeon (3/15)

Altars:


Innate Abilities, Weirdness & Mutations

You are very small and have problems with some larger weapons.
You are too small for most types of armour.
You have supernaturally acute eyesight. (SInv)
You are a herbivore.
You cover ground extremely quickly.
You need consume almost no food.


Message History

Press: ? - help, Shift-Dir - straight line, f/p - orc wizard
Aim: an orc wizard, wielding a dagger and wearing a robe (severely wounded, fast, slightly transparent)
You shoot a stone.
The stone closely misses the orc wizard.
The stone hits the orc.
The orc is heavily wounded.
Firing (i - inventory. (,) - cycle):
p - 27 stones (quivered)
Press: ? - help, Shift-Dir - straight line, f/p - orc wizard
Aim: an orc wizard, wielding a dagger and wearing a robe (severely wounded, fast, slightly transparent)
You shoot a stone. The stone barely misses the orc wizard.
The stone hits the orc.
You kill the orc!
The orc wizard hits you but does no damage.
The orc wizard casts a spell at you. The magic dart hits you!
* * * LOW HITPOINT WARNING * * *
The orc wizard looks braver for a moment.
The orc wizard casts a spell at you. The magic dart hits you!
You die...

######...(...)........
..^%.....#(###.#....##
#######.o##(#
.........
........o.#)#
#.####.##
..######...#.# #.# #
.........(.#.# ..#
#.####.###(#.# #.#
#....(#o###########
#####.#....@......#
#(###########.#
#(........ #.########
.oo.(.).# #######.#
###


You could see an orc wizard (invisible).

Vanquished Creatures
  An orc priest (D:3)
  2 adders
  An ooze (D:2)
  4 worms (D:2)
  2 leopard geckos
  6 orcs (D:3)
  2 giant cockroaches (D:1)
  6 goblins
  3 hobgoblins
  3 jackals (D:3)
  A quokka (D:2)
  A ball python (D:1)
  5 bats
  4 frilled lizards
  8 kobolds
  9 rats
58 creatures vanquished.

Notes
Turn   | Place    | Note
-------+----------+-------------------------------------------
     0 | D:1      | MatthieuS the Spriggan Assassin began the quest for the Orb.
     0 | D:1      | Reached XP level 1. HP: 10/10 MP: 2/2
     8 | D:1      | Reached skill level 6 in Stealth
   276 | D:1      | Reached XP level 2. HP: 14/14 MP: 3/3
   710 | D:2      | Reached skill level 7 in Stealth
   753 | D:2      | Reached XP level 3. HP: 18/18 MP: 4/4
  2021 | D:3      | Reached skill level 1 in Slings
  2021 | D:3      | Reached XP level 4. HP: 23/23 MP: 5/5
  2544 | D:3      | Killed from afar by an orc wizard

Vault maps used:
D:1:      lemuel_arrival_behind_the_door_small
D:2:      minmay_misc_feat_enclosed
D:3:      cheibrodos_greedy_goblins, first_bread,
          hangedman_abyss_or_decor_lesser_grid, minmay_box_of_dots

Skill      XL: |  1  2  3  4 |
---------------+-------------+-----
Stealth        | 6 7 |  7.6
Dodging        | 2 |  2.2
Slings         | 1 2 |  2.6
Fighting       | 2 |  2.1
Short Blades   | |  2.7
Throwing       | |  2.0

Action                   |  1- 3 |  4- 6 || total
-------------------------+-------+-------++-------
Melee: Dagger            |    47 |       ||    47
       Whip              |    10 |     3 ||    13
 Fire: Blowgun           |     8 |       ||     8
       Hunting sling     |    46 |    88 ||   134
 Stab: Sleeping          |    20 |       ||    20
Armor: Robe              |     5 |    11 ||    16
Dodge: Dodged            |    31 |    51 ||    82
